AoeStats
← Uchia Itachi

Migration

504798042Analyzed
1v1 RM · 27d ago on Sep 6, 2026· 32m 31s· 2 players
Game mode
Random Map
Map size
132×132
Population
200
Speed
Normal
Resources
Standard
Victory
Conquest
Starting age
Dark Age
Ending age
Imperial Age
RankedLock teamsTeams togetherTeam positionsShared explorationLock speedFull tech treeHidden civsTurbo modeCheats
Victory
Defeat
🇲🇽 Vietnamese · Mexico
224
+19
🇺🇸 Britons · United States
288
-19
BoxiestTuna9148
1:03 Loom
11:04 Feudal Age
14:54 Fishing Lines
17:56 Double-Bit Axe
21:19 Gold Mining
21:21 Stone Mining
27:17 Castle Age
29:33 Gillnets
29:58 Medium Warships
30:02 Bow Saw
Uchia Itachi
8:41 Loom
11:22 Feudal Age
12:01 Horse Collar
14:56 Double-Bit Axe
16:11 Fishing Lines
18:22 Wheelbarrow
23:41 Gold Mining
25:27 Fletching
26:05 Forging
29:03 Castle Age
30:40 Scale Mail Armor
31:32 Medium Warships
Connection lost

Rejoining the realm…

Still unreachable

The connection could not be restored.

Session expired

The server has moved on; the page needs a fresh start.